 Dungeon Crawl Stone Soup version 0.22-a0-469-gf26638a (webtiles) character file.

7 Amnesiac the Charlatan (level 1, -2/15 HPs)
             Began as a Mummy Artificer on June 14, 2018.
             Slain by a worm (3 damage)
             ... on level 3 of the Dungeon.
             The game lasted 00:00:55 (357 turns).

Amnesiac the Charlatan (Mummy Artificer)             Turns: 357, Time: 00:00:56

Health: -2/15      AC:  3    Str: 15    XL:     1   Next: 91%
Magic:  2/2        EV: 11    Int: 10    God:
Gold:   0          SH:  0    Dex: 12    Spells: 0/0 levels left

rFire    x . .     SeeInvis .   a - +0 short sword
rCold    + . .     Gourm    .   (no shield)
rNeg     + + +     Faith    .   b - +0 leather armour
rPois    ∞         Spirit   .   (no helmet)
rElec    .         Reflect  .   (no cloak)
rCorr    .         Harm     .   (no gloves)
MR       .....                  (no boots)
Stlth    +.........             (no amulet)
HPRegen  0.05/turn              (no ring)
MPRegen  0.08/turn              (no ring)

@: no status effects
A: no food or potions, fire vulnerability, cold resistance 1, negative energy
resistance 3, torment resistance, unbreathing
a: no special abilities


You were on level 3 of the Dungeon.
You were not hungry.

You visited 1 branch of the dungeon, and saw 3 of its levels.

Inventory:

Hand Weapons
 a - a +0 short sword (weapon)
Armour
 b - a +0 leather armour (worn)
Wands
 c - a wand of flame (15)
 d - a wand of enslavement (14)
 e - a wand of random effects (14)
Scrolls
 f - a scroll of magic mapping {!r, unknown}


   Skills:
 - Level 1.0 Fighting
 - Level 0.7 Short Blades
 - Level 1.5 Dodging
 - Level 0.7 Stealth
 + Level 2.9 Evocations


You couldn't memorise any spells.
You didn't know any spells.
Your spell library was empty.

Dungeon Overview and Level Annotations

Branches:
Dungeon (2/15)

Altars:
Yredelemnul


Innate Abilities, Weirdness & Mutations

You do not eat or drink.
Your flesh is vulnerable to fire.
You are immune to poison.
Your flesh is cold resistant. (rC+)
You are immune to negative energy. (rN+++)
You are immune to unholy pain and torment.
You can survive without breathing.


Message History

A frilled lizard and a hobgoblin come into view.
The hobgoblin shouts!
The frilled lizard hisses angrily.
A goblin zombie comes into view.
The frilled lizard barely misses you. The hobgoblin barely misses you.
The frilled lizard barely misses you.
You sense Yredelemnul urging you to kill the trapped human.
The frilled lizard bites you but does no damage.
The goblin zombie hits you but does no damage.
Found a runed door.
The goblin zombie closely misses you. The frilled lizard misses you.
A zombie and a skeleton come into view.
Found a basalt altar of Yredelemnul.
You hit the human skeleton.
The human skeleton is lightly damaged.
The human skeleton hits you but does no damage.
You closely miss the frilled lizard. The frilled lizard bites you.
The human skeleton hits you.
You miss the frilled lizard. The frilled lizard bites you.
The human skeleton hits you.
You hit the frilled lizard.
The frilled lizard is heavily wounded.
The frilled lizard barely misses you. The human skeleton barely misses you.
The frilled lizard bites you.
* * * LOW HITPOINT WARNING * * *
Evoke which item? (* to show all) (? for menu, Esc to quit)
Aiming: Enslavement
Press: ? - help, Shift-Dir - straight line, f - human skeleton
Aim: a human skeleton (lightly damaged, chance to defeat MR: 65%)
The human skeleton is charmed.
The frilled lizard closely misses you. What are your orders? t - Shout!
Orders for allies: a - Attack new target. p - Attack previous target. r - Retreat! s - Stop attacking. g - Guard the area. f - Follow me.
Anything else - Cancel.
Guard this area!
The frilled lizard bites you but does no damage.
You swap places.
The frilled lizard bites your human skeleton.
The frilled lizard barely misses your human skeleton.
The frilled lizard bites your human skeleton.
The frilled lizard bites your human skeleton.
The frilled lizard barely misses your human skeleton.
The frilled lizard bites your human skeleton.
The frilled lizard dies!
As you open the door, it creaks loudly!
The hobgoblin hits your human skeleton with a club.
The goblin zombie barely misses you.
There is an open door here.
You hit the human but do no damage. The goblin zombie hits you.
* * * LOW HITPOINT WARNING * * *
The human closely misses you.
The human skeleton is no longer charmed.
You see here a frilled lizard corpse.
Evoke which item? (* to show all) (? for menu, Esc to quit)
Aiming: Random Effects
Press: ? - help, Shift-Dir - straight line, f/p - human skeleton
Aim: a human skeleton (moderately damaged, fire blocked by a granite statue)
The bolt of negative energy misses the human.
The human closely misses you.
You hit the worm but do no damage. The human hits you.
* * * LOW HITPOINT WARNING * * *
The worm bites you.
You die...

#.#######.##.........
#..........#######...
#######.#.########'##
#....##.#.##........#
#....##.#.#.....†...+
#.......#.#.........#
#.......#.#.#########
#....w..#.#
#...@##.#.#.#
#...p##.# .#
#...Z##.. .#
#....######.#
####8g......#
#ZZ.....##
#####......#
#...#.###Z##
#._.#.'.#.#


You could see a human, a worm, 2 goblin zombies, a hobgoblin and a human
skeleton.

Vanquished Creatures
  A ball python (D:1)
  2 bats (D:1)
  2 goblins
  A rat (D:1)
6 creatures vanquished.

Vanquished Creatures (collateral kills)
  A frilled lizard (D:3)
1 creature vanquished.

Grand Total: 7 creatures vanquished

Notes
Turn   | Place    | Note
-------+----------+-------------------------------------------
     0 | D:1      | Amnesiac the Mummy Artificer began the quest for the Orb.
     0 | D:1      | Reached XP level 1. HP: 15/15 MP: 2/2
    76 | D:2      | You fall through a shaft!
   315 | D:3      | Found a runed door.
   315 | D:3      | Noticed a human
   319 | D:3      | Found a basalt altar of Yredelemnul.
   357 | D:3      | Slain by a worm

Vault maps used:
D:1:      enne_arrival_octagon_isle
D:2:      kennysheep_ying_yang, marbit_many_paths, minmay_misc_feat_enclosed,
          minmay_misc_feat_x
D:3:      first_ration, grunt_ministairs_14, dk_yredelemnul_ordeal

Action                   || total
-------------------------++-------
Melee: Short sword       ||    31
Evoke: Wand              ||     2
Armor: Leather armour    ||    21
Dodge: Dodged            ||    40

Table legend:
 A = Spawn XP
 B = Non-spawn XP
 C = Spawn XP percentage of total XP
 D = Spawn monster count
 E = Non-spawn monster count
 F = Spawn count percentage of total count
 G = Total turns spent on level
                    A         B        C        D         E        F      G
               +---------+---------+-------+---------+---------+-------+---------
         Total |       0 |      11 |   0.0 |       0 |       7 |   0.0 |   357
               +---------+---------+-------+---------+---------+-------+---------
           D:1 |       0 |       8 |   0.0 |       0 |       5 |   0.0 |    68
           D:3 |       0 |       3 |   0.0 |       0 |       2 |   0.0 |   281
               +---------+---------+-------+---------+---------+-------+---------
